Map: Pillars of Gold LE

Players

FLORENCIO - Winner!

  • Race: Zerg Zerg
  • League: Platinum
  • Spawn Location: 1:00

샤릭

  • Race: Terran Terran
  • League: Platinum
  • Spawn Location: 7:00

VOD

Have the link to the VOD?

Description

Time

  • Played on: Jan. 17, 2021, 6:20 p.m.
  • Length: 17:04
Show
View Real Time Build Order
Export as new Build Order

FLORENCIO Zerg - Winner!

Build Orders: Pool First 

Get SALT Encoding   

  12  0:01  Drone  
  13  0:08  Drone  
  14  0:17  Overlord  
  14  0:36  Extractor  
  14  0:39  Drone x3  
  16  0:53  Spawning Pool  
  16  0:54  Drone  
  16  1:25  Hatchery  
  16  1:32  Drone x2  
  17  1:34  Drone  
  18  1:44  Burrow  
  18  1:55  Roach Warren  
  18  1:59  Drone  
  18  2:03  Drone  
  19  2:20  Overlord  
  19  2:52  Roach  
  19  2:53  Roach  
  19  2:54  Hatchery  
  22  3:00  Queen  
  24  3:06  Drone x3  
  27  3:13  Roach  
  27  3:19  Roach  
  27  3:23  Roach  
  27  3:28  Roach  
  27  3:35  Roach  
  27  3:48  Roach  
  27  3:51  Drone x3  
  27  3:52  Roach  
  30  3:56  Roach  
  30  4:08  Roach  
  30  4:25  Drone x5  
  30  4:31  Roach  
  35  4:37  Roach  
  35  4:41  Roach  
  35  4:45  Roach  
  35  4:51  Roach  
  35  5:08  Overlord x5  
  35  5:11  Roach  
  35  5:18  Roach  
  35  5:39  Roach  
  35  5:44  Roach  
  35  5:50  Roach  
  35  5:53  Roach x6  
  47  6:03  Roach  
  45  6:20  Roach x4  
  51  6:38  Spore Crawler  
  46  6:40  Spore Crawler  
  46  6:45  Spore Crawler  
  46  6:46  Roach x4, Spore Crawler  
  51  6:50  Ravager x3  
  51  6:53  Roach  
  51  6:54  Roach  
  58  6:57  Queen  
  50  7:49  Roach  
  50  7:50  Roach x5  
  57  8:04  Overlord x2  
  55  8:34  Lair  
  55  8:46  Roach  
  51  8:51  Extractor  
  51  8:53  Drone x2, Extractor  
  51  8:54  Drone x6, Extractor  
  56  9:01  Queen  
  58  9:03  Roach  
  58  9:13  Roach  
  58  9:36  Queen  
  58  9:52  Spire  
  57  9:57  Roach  
  55  10:04  Roach x3  
  55  10:10  Roach  
  55  10:17  Roach  
  47  11:03  Mutalisk  
  47  11:04  Mutalisk x4  
  45  11:07  Drone x2  
  45  11:08  Drone x5  
  62  11:18  Mutalisk  
  64  11:27  Hatchery, Spore Crawler x2  
  64  11:28  Hatchery  
  64  11:30  Spore Crawler  
  64  11:31  Spore Crawler  
  58  11:37  Hatchery  
  57  11:44  Hatchery  
  56  11:48  Corruptor  
  58  11:59  Overlord  
  58  12:01  Drone  
  58  12:02  Drone x6  
  58  12:07  Roach x2  
  58  12:08  Roach  
  65  12:16  Roach x2  
  59  12:33  Roach x2  
  59  12:35  Roach  
  59  12:46  Corruptor  
  59  12:47  Corruptor x2  
  65  12:59  Drone x5  
  70  13:07  Ravager x3  
  73  13:48  Mutalisk x4  
  81  14:12  Infestation Pit  
  80  14:18  Drone x18  
  94  14:48  Mutalisk  
  94  14:49  Mutalisk x3  
  102  14:57  Zergling x28  
  102  14:59  Metabolic Boost  
  116  15:03  Extractor  
  116  15:04  Extractor  
  93  15:36  Mutalisk x3  
  93  15:39  Zergling x30  
  107  15:57  Zergling x2  
Show
View Real Time Build Order
Export as new Build Order

샤릭 Terran 

Build Orders:  

Get SALT Encoding   

  12  0:00  SCV  
  13  0:12  SCV  
  14  0:17  Supply Depot  
  14  0:25  SCV  
  15  0:39  SCV  
  15  0:41  Barracks  
  16  0:46  Refinery  
  16  0:51  SCV  
  17  1:09  SCV  
  18  1:25  SCV  
  19  1:37  Orbital Command  
  19  1:39  Marine, Supply Depot  
  20  1:52  Factory  
  20  1:57  Marine  
  21  2:06  SCV  
  22  2:12  Refinery  
  22  2:16  Marine  
  22  2:20  SCV  
  24  2:32  SCV  
  24  2:33  Supply Depot  
  24  2:35  Factory Reactor  
  25  2:47  Starport  
  25  2:49  SCV  
  25  3:02  SCV  
  26  3:12  Hellion, Command Center  
  28  3:14  SCV  
  29  3:24  Marine  
  27  3:39  Widow Mine x2  
  31  4:00  Hellion  
  32  4:15  Marine  
  33  4:19  Starport Reactor  
  26  4:50  SCV  
  27  4:57  Liberator  
  30  5:01  Liberator  
  30  5:06  Hellion x2  
  36  5:09  SCV  
  32  5:21  SCV  
  33  5:33  SCV  
  32  5:46  SCV  
  33  5:56  Orbital Command  
  33  5:57  Marine  
  33  5:58  SCV  
  35  6:10  SCV  
  34  6:22  SCV  
  34  6:34  SCV  
  35  6:41  Orbital Command, Liberator  
  35  6:42  Hellion  
  35  6:43  Hellion  
  35  6:47  SCV  
  43  6:56  Engineering Bay  
  43  6:59  SCV  
  43  7:00  Supply Depot  
  44  7:11  SCV  
  28  7:55  Factory Tech Lab  
  28  8:03  SCV  
  29  8:15  SCV  
  30  8:25  Orbital Command  
  26  8:27  SCV  
  25  8:39  SCV  
  26  8:51  Hellion  
  26  8:52  SCV  
  29  9:00  Liberator  
  29  9:02  Marine  
  33  9:04  SCV  
  34  9:12  Hellion  
  34  9:16  SCV  
  37  9:28  SCV  
  37  9:29  Supply Depot  
  38  9:40  SCV  
  39  9:53  SCV  
  36  10:13  Supply Depot  
  34  10:23  SCV  
  32  10:36  SCV  
  33  10:48  Hellion, SCV  
  36  11:00  SCV  
  35  11:11  Hellion  
  35  11:12  SCV  
  38  11:24  SCV  
  39  11:36  SCV  
  39  11:37  Siege Tank  
  43  11:40  Command Center  
  43  11:47  Missile Turret  
  43  11:48  SCV  
  44  12:00  SCV  
  43  12:38  Supply Depot  
  43  12:39  Supply Depot  
  43  12:46  Supply Depot  
  43  12:48  Supply Depot  
  40  13:00  Siege Tank, Viking, SCV, Missile Turret  
  46  13:06  Viking  
  48  13:47  Factory Tech Lab  
  48  13:51  SCV  
  49  14:12  Command Center  
  49  14:13  Siege Tank  
  49  14:15  SCV  
  53  14:54  Missile Turret  
Tags
 
Add a new tag
Caveats
  • Supply blocks, unpowered buildings, or Contaminate may cause inaccurate times.
  • Supply counts are checked every 10 seconds.